 Dungeon Crawl Stone Soup version 0.22.1-2-g9c5b331383 (webtiles) character file.

186 Marnok the Covered (level 5, -7/41 HPs)
             Began as a Human Fighter on Nov 21, 2018.
             Mangled by an ice beast (14 damage)
             ... on level 4 of the Dungeon.
             The game lasted 00:23:25 (2622 turns).

Marnok the Covered (Human Fighter)                  Turns: 2622, Time: 00:23:26

Health: -7/41      AC:  9    Str: 21 (22) XL:     5   Next: 98%
Magic:  5/5        EV:  8    Int:  8 (9)  God:
Gold:   170        SH:  9    Dex:  9 (12) Spells: 4/4 levels left

rFire    . . .     SeeInvis .   i - +0 dagger (drain)
rCold    . . .     Gourm    .   c - +0 shield
rNeg     . . .     Faith    .   b - +0 scale mail
rPois    .         Spirit   .   g - +0 helmet
rElec    .         Reflect  .   (no cloak)
rCorr    .         Harm     .   (no gloves)
MR       .....                  y - +0 pair of boots
Stlth    ..........             (no amulet)
HPRegen  0.13/turn              (no ring)
MPRegen  0.09/turn              (no ring)

@: mighty
A: no striking features
a: no special abilities


You were on level 4 of the Dungeon.
You were not hungry.

You visited 1 branch of the dungeon, and saw 5 of its levels.

You collected 170 gold pieces.

Inventory:

Hand Weapons
 a - a +0 long sword
 i - a +0 dagger of draining (weapon)
 j - a +2 hunting sling of freezing
 r - a +0 short sword of speed
 I - a +3 hand axe
Missiles
 k - 89 stones (quivered)
 p - 50 bolts
 u - 27 sling bullets
Armour
 b - a +0 scale mail (worn)
 c - a +0 shield (worn)
 g - a +0 helmet (worn)
 y - a +0 pair of boots (worn)
Jewellery
 t - an uncursed ring of fire
Scrolls
 e - 4 scrolls of remove curse
Potions
 d - a potion of might
 l - a potion of curing
 n - 3 potions of flight
 q - a potion of brilliance
 C - a potion of ambrosia
Comestibles
 f - 5 rations


   Skills:
 + Level 3.5 Fighting
 + Level 1.6(2.4) Short Blades
 + Level 2.8(3.1) Long Blades
 + Level 4.0 Armour
 + Level 1.6 Dodging
 + Level 3.7 Shields


You had 4 spell levels left.
You didn't know any spells.
Your spell library was empty.

Dungeon Overview and Level Annotations

Branches:
Dungeon (5/15)
 Temple: D:4-7

Altars:


Message History

You closely miss the ice beast.
The ice beast hits you but does no damage.
You barely miss the ice beast. You block the ice beast's attack.
You closely miss the ice beast. The ice beast hits you.
The ice beast freezes you!!
You feel a terrible chill!
* * * LOW HITPOINT WARNING * * *
You remove your ring of fire.
The ice beast barely misses you.
You feel very mighty all of a sudden.
The ice beast hits you but does no damage.
Okay, then.
Okay, then.
You closely miss the ice beast. You block the ice beast's attack.
You closely miss the ice beast. You block the ice beast's attack.
You barely miss the ice beast. You block the ice beast's attack.
You hit the ice beast.
The ice beast is moderately wounded.
The ice beast hits you.
* * * LOW HITPOINT WARNING * * *
The ice beast freezes you!
You die...

#..? ###### #...#
#...<# #....
#.#### #....## #.#
#.#...###.#
#.........#
.#####..#####
.......>########.#
........†Y@......#
##################


You could see an ice beast.

Vanquished Creatures
  A bullfrog (D:4)
  A gnoll (D:1)
  3 adders (D:3)
  3 worms
  A dart slug (D:1)
  3 leopard geckos (D:3)
  5 orcs
  3 ball pythons
  5 bats
  2 giant cockroaches
  11 goblins
  5 hobgoblins
  7 jackals
  A quokka (D:2)
  4 frilled lizards
  9 kobolds
  3 rats
67 creatures vanquished.

Notes
Turn   | Place    | Note
-------+----------+-------------------------------------------
     0 | D:1      | Marnok the Human Fighter began the quest for the Orb.
     0 | D:1      | Reached XP level 1. HP: 18/18 MP: 1/1
   152 | D:1      | Reached XP level 2. HP: 18/24 MP: 2/2
   207 | D:1      | Reached XP level 3. HP: 25/29 MP: 3/3
  1408 | D:2      | Reached XP level 4. HP: 35/35 MP: 4/4
  1871 | D:3      | Reached skill level 1 in Dodging
  2067 | D:3      | Reached XP level 5. HP: 40/41 MP: 5/5
  2337 | D:3      | Reached skill level 1 in Short Blades
  2595 | D:5      | Entered Level 5 of the Dungeon
  2595 | D:5      | Noticed a bullfrog
  2595 | D:5      | Noticed an ice beast
  2610 | D:4      | Killed a bullfrog
  2610 | D:4      | Reached skill level 4 in Armour
  2622 | D:4      | Mangled by an ice beast

Skill      XL: |  1  2  3  4  5 |
---------------+----------------+-----
Dodging        | 1 |  1.6
Short Blades   | 1 |  1.6
Armour         | 4 |  4.0
Fighting       | |  3.5
Long Blades    | |  2.8
Shields        | |  3.7

Action                   |  1- 3 |  4- 6 || total
-------------------------+-------+-------++-------
Melee: Long sword        |    58 |       ||    58
       Dagger            |    63 |   177 ||   240
  Use: Scroll            |       |     9 ||     9
       Potion            |       |     9 ||     9
  Eat: Chunk             |     2 |     1 ||     3
       Ration            |       |     1 ||     1
Armor: Scale mail        |    57 |    54 ||   111
Dodge: Dodged            |    26 |    44 ||    70
Block: Shield            |    61 |    58 ||   119
       Rpst.: Long sword |     4 |       ||     4
